 Dungeon Crawl Stone Soup version 0.30-a0-4-ga7cffc901d (webtiles) character file.

Game seed: 11728073654744032204

208121 Pooter the Severer (level 18, -7/145 HPs)
             Began as a Demonspawn Berserker on Aug 17, 2022.
             Was an Elder of Trog.
             Mangled by Mlioglotl (13 damage)
             ... on level 1 of the Shoals on Aug 21, 2022.
             The game lasted 03:41:02 (44160 turns).

Pooter the Severer (Demonspawn Berserker)          Turns: 44160, Time: 03:41:03

Health: -7/145     AC: 29    Str: 32 (34) XL:     18   Next: 11%
Magic:  16/16      EV:  7    Int: 11      God:    Trog [****..]
Gold:   1658       SH:  5    Dex: 10      Spells: 17/17 levels left

rFire   + + .      SeeInvis +    a - +9 battleaxe (freeze)
rCold   x . .      Faith    .    (shield currently unavailable)
rNeg    + + .      Spirit   .    Y - +3 crystal plate armour
rPois   +          Reflect  +    v - +2 hat of the Everdark {Rampage rC- rN+ Str+4}
rElec   +          Harm     .    m - +2 cloak
rCorr   .          Rampage  +    V - +1 pair of gloves "Seso" {rPois rN+ Str+2 Int-3}
Will    ++++.                    B - +2 pair of boots of Indemnity {rElec rF++ Dex-5}
Stlth   ..........               n - amulet of reflection
HPRegen 1.34/turn                s - ring "Ruopso Peciu" {Fly Will+ SInv}
MPRegen 0.15/turn                p - +6 ring of strength

@: mighty, afraid, strong-willed, flying, regenerating
A: demonic guardian 2, big brain 1, demonic magic 2, weakness stinger 2,
antennae 1, clever 1, low MP 1, wild magic 1, sturdy frame 1
}: 1/15 runes: gossamer
a: Renounce Religion, Berserk, Trog's Hand, Brothers in Arms


You were on level 1 of the Shoals.
You worshipped Trog.
Trog was greatly pleased with you.
You visited 5 branches of the dungeon, and saw 27 of its levels.
You also visited: Bailey, Gauntlet, Ice Cave and Volcano.

You collected 4253 gold pieces.
You spent 2595 gold pieces at shops.

Inventory:

Hand Weapons
 a - a +9 battleaxe of freezing (weapon)
   (You took it off a wight on level 7 of the Dungeon)
 b - a +3 arbalest of freezing
   (You found it in an ice cave)
 E - a +1 eveningstar of flaming
   (You found it in a volcano)
Missiles
 y - 41 boomerangs (quivered)
 H - 7 javelins
 P - 2 silver javelins
 T - 10 curare-tipped darts
 W - 5 silver boomerangs
 X - 9 atropa-tipped darts
Armour
 m - a +2 cloak (worn)
   (You found it on level 2 of the Spider Nest)
 v - the +2 hat of the Everdark (worn) {Rampage rC- rN+ Str+4}
   (You acquired it on level 9 of the Dungeon)

   Str:       It affects your strength (+4).
   rC:        It makes you vulnerable to cold.
   rN:        It protects you from negative energy.
   Rampage:   It bestows one free step when moving towards enemies.
 B - the +2 pair of boots of Indemnity (worn) {rElec rF++ Dex-5}
   (You bought it in a shop on level 2 of the Orcish Mines)

   Dex:       It affects your dexterity (-5).
   rF:        It greatly protects you from fire.
   rElec:     It insulates you from electricity.
 D - a +0 pair of gloves of hurling
   (You found it in a Gauntlet)
 R - a +5 plate armour of poison resistance
   (You took it off a kobold in a bailey)
 V - the +1 pair of gloves "Seso" (worn) {rPois rN+ Str+2 Int-3}
   (You found it on level 13 of the Dungeon)

   Str:       It affects your strength (+2).
   Int:       It affects your intelligence (-3).
   rPois:     It protects you from poison.
   rN:        It protects you from negative energy.
 Y - a +3 crystal plate armour (worn)
   (You took it off an orc warrior on level 10 of the Dungeon)
Jewellery
 n - an amulet of reflection (around neck)
   (You found it on level 2 of the Dungeon)
 p - a +6 ring of strength (right hand)
   (You bought it in a shop on level 2 of the Orcish Mines)
 s - the ring "Ruopso Peciu" (left hand) {Fly Will+ SInv}
   (You took it off an orc on level 10 of the Dungeon)

   [ring of flight]

   SInv:      It lets you see invisible.
   Fly:       It grants you flight.
   Will:      It increases your willpower.
 G - an amulet of guardian spirit
   (You found it on level 3 of the Lair of Beasts)
 I - a ring of protection from cold
   (You found it on level 8 of the Dungeon)
 N - a ring of positive energy
   (You found it on level 11 of the Dungeon)
 S - a ring of see invisible
   (You bought it in a shop on level 2 of the Orcish Mines)
 Z - an amulet of regeneration
   (You bought it in a shop on level 2 of the Orcish Mines)
Wands
 f - a wand of flame (26)
   (You found it on level 4 of the Dungeon)
 j - a wand of polymorph (4)
   (You found it in an ice cave)
 o - a wand of mindburst (2)
   (You took it off a centaur on level 7 of the Dungeon)
 u - a wand of paralysis (20)
   (You found it on level 2 of the Dungeon)
 A - a wand of roots (4)
   (You found it on level 5 of the Dungeon)
 L - a wand of quicksilver (5)
   (You found it in a volcano)
Scrolls
 c - 3 scrolls of immolation {!r}
 g - 7 scrolls of poison
 k - a scroll of brand weapon
 l - 5 scrolls of magic mapping
 q - 3 scrolls of summoning
 r - a scroll of silence
 t - 6 scrolls of teleportation {@r4}
 J - 4 scrolls of fog
 K - 5 scrolls of fear
 U - 7 scrolls of blinking
Potions
 d - 7 potions of heal wounds {@q2}
 e - 3 potions of mutation {!q}
 h - 3 potions of might
 w - 8 potions of ambrosia
 x - 6 potions of curing {@q1}
 z - 7 potions of attraction {!q}
 C - 3 potions of haste {@q3}
 F - a potion of cancellation
 M - 2 potions of lignification {!q}
 O - 5 potions of flight
Miscellaneous
 i - a box of beasts
   (You found it in an ice cave)
 Q - a tin of tremorstones (2/2)
   (You found it in a Gauntlet)


   Skills:
 + Level 13.7 Fighting
 * Level 18.8(18.9) Axes
 - Level 2.7(12.6) Polearms
 * Level 15.9 Ranged Weapons
 + Level 10.8 Throwing
 - Level 3.0 Armour
 - Level 2.9 Dodging
 - Level 2.2 Stealth
 - Level 10.4 Evocations


You had 17 spell levels left.
You didn't know any spells.
Your spell library was empty.

Dungeon Overview and Level Annotations

Branches:
Dungeon (15/15)            Temple (0/1) D:6            Lair (5/5) D:10
 Shoals (1/4) Lair:3       Spider (4/4) Lair:2        Slime (0/5) Lair:5
    Orc (2/2) D:10            Elf (0/3) Orc:2        Vaults (0/5) D:14
 Depths (0/4) D:15         Bailey (visited)           IceCv (visited)
Volcano (visited)         Gauntlet (visited)

Altars:
Ashenzari
Cheibriados
Dithmenos
Fedhas
Gozag
Hepliaklqana
Makhleb
Nemelex Xobeh
Okawaru
Qazlal
Ru
Sif Muna
Uskayaw
Vehumet
Wu Jian
Yredelemnul
Jiyva

Shops:
D:7 (?:[*   D:11 (   D:14 :*:   Orc:2 =[=*

Annotations:
D:2 1 runed translucent door, Crazy Yiuf
Shoals:1 Mlioglotl


Innate Abilities, Weirdness & Mutations

A demonic guardian rushes to your aid.
You have an unusually large brain. (Int +2)
Spells you cast may paralyse nearby enemies.
You have a tail ending in a sharp stinger.
You have a pair of small antennae on your head.
Your mind is acute. (Int +4, Str/Dex -1)
Your magical capacity is low. (-10% MP)
Your spells are a little harder to cast, but a little more powerful.
Your movements are slightly less encumbered by armour. (ER -2)


Message History

Lightning arcs from Nikola's hands!
The bolt of lightning hits Mlioglotl!!!!
Mlioglotl resists.
The bolt of lightning hits the sea snake!!!
The bolt of lightning hits Nikola!
Nikola dies!
The bolt of lightning hits the manticore!!!
The bolt of lightning hits you! You resist.
* * * LOW HITPOINT WARNING * * *
The bolt of lightning hits the sea snake!!
The bolt of lightning hits the unseen horror!!!
The unseen horror dies!
The unseen horror disappears in a puff of smoke!
The bolt of lightning hits the small abomination!!!
The small abomination is destroyed!
The small abomination disappears in a puff of smoke!
The bolt of lightning hits the merfolk!!
You hear an angry hiss. x2
You feel your intelligence returning.
Your tin of tremorstones (2/2) has regained one charge.
Unknown command.
You slice the sea snake like a ripe choko!!!
The sea snake seems to slow down.
You freeze the sea snake.
You kill the sea snake!
Trog accepts your kill.
You closely miss the sea snake.
The merfolk hits you but does no damage.
You block the sea snake's attack.
You attempt to attack Mlioglotl, but flinch away in fear!
A manticore comes into view.
A sea snake comes into view.
Mlioglotl hits you but does no damage. Mlioglotl tramples you!!
* * * LOW HITPOINT WARNING * * *
You are shoved backwards!
The sea snake bites you but does no damage.
You feel very mighty all of a sudden.
The merfolk hits you but does no damage.
Mlioglotl churns violently!
Mlioglotl corrupts the dungeon around him!
The merfolk javelineer throws a silver javelin.
The silver javelin pierces through you!!
* * * LOW HITPOINT WARNING * * *
A demonic guardian appears!
The silver sears you!
* * * LOW HITPOINT WARNING * * *
The sea snake bites you!
* * * LOW HITPOINT WARNING * * *
You slash Mlioglotl!
You tail-slap Mlioglotl, but do no damage.
You hit the sea snake. You freeze the sea snake. You slash the merfolk!
You freeze the merfolk. You block Mlioglotl's attack. Mlioglotl tramples you!
You die...

~~###. .....P
~~~#..# #.§§...
~~~~.#.##§§..S.
~~~~~#.....m...
~~m~~~...#.....
~~~~.#.......#.
~~~..#.H#.....~~~
.....##XS..~.H~~
.##.#m.@..~~~~~P
#....#m~~~~~~
###.3..~~~~~.
#...~~.~~.## .
#..~~~.PX..##....
..~~~~~~~<.....~~
~~~~~~~~~~~.....~~
~~~~~≈~~~~~~..~~~~
≈≈≈≈~~~~~P~~~P~


You could see a starcursed mass (summoned), Mlioglotl (strong, scary), a merfolk
javelineer, 2 sea snakes, 2 merfolk, 2 manticores and a friendly soul eater
(summoned).

Vanquished Creatures
  Arachne (Spider:3)
  Gastronok (D:9)
  Roxanne (Spider:3)
  3 emperor scorpions
  3 ghost moths
  A stone giant (D:15)
  The ghost of Newt the Demonic Catastrophe, a journeyman DsGl of Qazlal (Lair:3)
  A broodmother (Spider:3)
  4 entropy weavers
  The ghost of drugrobin the Warrior, a journeyman DgDe (Lair:2)
  A minotaur (Gauntlet)
  5 spark wasps
  Snorg (Orc:2)
  A fire dragon (D:10)
  5 hydras
  5 boulder beetles
  3 jorogumos
  2 ogre magi
  Erolcha (D:10)
  2 rakshasas (D:15)
  4 radroaches
  7 two-headed ogres
  2 ironbound frosthearts (IceCv)
  4 centaur warriors
  8 death yaks
  4 tengu warriors
  A hell hog (Volcano)
  3 orc high priests (Orc:2)
  2 soul eaters (D:15)
  Nergalle (Lair:2)
  A fire crab (Volcano)
  A sixfirhy (Gauntlet)
  A sea snake (Shoals:1)
  8 pharaoh ants
  4 steelbarb worms
  2 sun moths
  9 orb spiders
  2 lindwurms (Lair:5)
  A wizard (D:14)
  5 orc knights
  2 deep elf pyromancers
  4 oklob plants (Lair:4)
  A harpy (D:10)
  A necromancer (D:14)
  12 ugly things
  20 wolf spiders
  5 orc sorcerers (Orc:2)
  12 cyclopes
  4 manticores
  A moth of wrath (Spider:3)
  5 elephants (Lair:5)
  2 molten gargoyles (Volcano)
  Maggie (D:9)
  A smoke demon (Gauntlet)
  Maurice (D:11)
  4 black mambas
  2 gargoyles
  An ice statue (IceCv)
  An orange demon (D:15)
  3 torpor snails
  4 rime drakes
  Psyche (D:8)
  3 komodo dragons
  8 cane toads
  7 demonic crawlers
  2 efreet
  2 unseen horrors
  2 ice devils (D:15)
  2 hellwings (D:15)
  2 tengu conjurers (D:15)
  5 trolls
  11 polar bears (IceCv)
  A meliai (shapeshifter) (D:15)
  A queen bee (shapeshifter) (D:13)
  Prince Ribbit (D:6)
  A queen bee (Lair:2)
  A red devil (Gauntlet)
  19 blink frogs
  A wolf spider simulacrum (D:15)
  7 hornets
  A snapping turtle (Lair:3)
  Grinder (D:4)
  23 tarantellas
  24 jumping spiders
  5 dream sheep
  24 culicivoras
  A centaur simulacrum (D:10)
  3 shadows (D:10)
  A ynoxinul (D:15)
  6 wraiths
  3 wyverns
  86 yaks
  12 basilisks
  5 fire bats
  3 neqoxecs
  3 chaos spawn (Gauntlet)
  42 redbacks
  3 steam dragons
  11 vampire mosquitoes
  A warg (Orc:2)
  4 acid dragons
  2 hell hounds (Volcano)
  9 black bears
  11 water moccasins
  30 orc warriors
  34 wolves
  9 ogres
  7 centaurs
  A kobold brigand (D:8)
  4 necrophages
  9 bullfrogs
  A gnoll sergeant (D:11)
  4 scorpions
  17 wights
  12 killer bees
  5 electric eels
  16 howler monkeys
  6 lava snakes (Volcano)
  3 crimson imps (Gauntlet)
  6 hounds
  2 jellies
  19 orc priests
  2 gnoll boudas
  4 iguanas
  35 orc wizards
  10 adders
  19 gnolls
  A shadow imp (D:7)
  14 white imps
  6 ufetubi
  3 worms
  A dart slug (D:4)
  68 orcs
  4 bats
  3 endoplasms
  4 giant cockroaches
  12 goblins
  11 hobgoblins
  3 jackals (D:5)
  23 kobolds
  5 quokkas
  5 ball pythons
  4 frilled lizards
  2 rats
  A butterfly (Lair:2)
986 creatures vanquished.

Vanquished Creatures (collateral kills)
  Jorgrun (Orc:1)
  A ghost moth (Spider:4)
  A centaur warrior (D:13)
  An orc high priest (Orc:2)
  2 orb spiders
  An oklob plant (Gauntlet)
  A wolf spider (Spider:2)
  A tengu conjurer (D:14)
  A troll (D:14)
  2 tarantellas
  A culicivora (Spider:2)
  4 dream sheep (Lair:5)
  A jumping spider (Spider:1)
  4 yaks
  3 redbacks
  A steam dragon (D:9)
  3 orc warriors
  A black bear (D:5)
  A wight (D:7)
  2 killer bees (D:9)
  An orc (D:11)
  A jackal (D:5)
  2 kobolds (Bailey)
37 creatures vanquished.

Vanquished Creatures (others)
  Nikola (Shoals:1)
  A kobold brigand (D:10)
  An orc (Orc:2)
  20 demonic plants
  21 fungi
  24 plants
68 creatures vanquished.

Grand Total: 1091 creatures vanquished

Notes
Turn   | Place    | Note
-------+----------+-------------------------------------------
     0 | D:1      | Pooter the Demonspawn Berserker began the quest for the
                  | Orb.
     0 | D:1      | Reached XP level 1. HP: 18/18 MP: 1/1
   441 | D:1      | Gained mutation: You have a small tail. [demonic ancestry]
   441 | D:1      | Reached XP level 2. HP: 17/24 MP: 2/2
   590 | D:1      | Found a faded altar of an unknown god.
   645 | D:1      | Reached skill level 3 in Axes
  1321 | D:2      | Reached skill level 1 in Stealth
  1321 | D:2      | Reached XP level 3. HP: 25/29 MP: 3/3
  2161 | D:2      | Reached XP level 4. HP: 35/35 MP: 4/4
  2861 | D:2      | Found a runed translucent door.
  2862 | D:2      | Noticed Crazy Yiuf
  3016 | D:3      | Reached * piety under Trog
  3306 | D:3      | Gained mutation: You have a tail ending in a sharp stinger.
                  | [demonic ancestry]
  3306 | D:3      | Reached XP level 5. HP: 36/42 MP: 5/5
  3767 | D:3      | Reached skill level 1 in Evocations
  4015 | D:4      | Noticed Grinder
  4027 | D:4      | Killed Grinder
  4028 | D:4      | Reached skill level 4 in Axes
  4028 | D:4      | Reached skill level 1 in Polearms
  4028 | D:4      | Reached XP level 6. HP: 48/48 MP: 6/6
  4452 | D:4      | Gained mutation: A weak demonic guardian rushes to your
                  | aid. [demonic ancestry]
  4452 | D:4      | Reached XP level 7. HP: 51/54 MP: 7/7
  4567 | D:4      | Found a snail-covered altar of Cheibriados.
  4734 | D:4      | Reached skill level 5 in Axes
  4782 | D:4      | Reached ** piety under Trog
  4849 | D:4      | Found a shimmering blue altar of Sif Muna.
  5119 | D:4      | Found an ornate altar of the Wu Jian Council.
  5275 | D:5      | Entered Level 5 of the Dungeon
  5575 | D:5      | Found an iron altar of Okawaru.
  5588 | D:5      | Gained mutation: A demonic guardian rushes to your aid.
                  | [demonic ancestry]
  5588 | D:5      | Reached XP level 8. HP: 61/61 MP: 8/8
  5770 | D:5      | Found a sparkling altar of Nemelex Xobeh.
  6258 | D:5      | Reached skill level 5 in Fighting
  6382 | D:6      | Found an opulent altar of Gozag.
  6416 | D:6      | Found a staircase to the Ecumenical Temple.
  6435 | D:6      | Reached skill level 6 in Axes
  6633 | D:6      | Noticed Prince Ribbit
  6645 | D:6      | Killed Prince Ribbit
  6888 | D:6      | Reached skill level 7 in Axes
  7005 | D:6      | Found a stormy altar of Qazlal.
  7618 | D:6      | Reached XP level 9. HP: 69/69 MP: 9/9
  7758 | D:7      | Noticed a cyclops
  7852 | D:7      | Found Tenkag's Book Shoppe.
  7863 | D:7      | Found a blossoming altar of Fedhas.
  7891 | D:7      | Found Nodurhu's Armour Emporium.
  7920 | D:7      | Reached skill level 5 in Evocations
  7921 | D:7      | Found Ewkiha's General Store.
  7932 | D:7      | Found Ytwiv's Magic Scroll Shop.
  7956 | D:7      | Found Yxiys's Weapon Emporium.
  7978 | D:7      | Found a flagged portal.
  7992 | Bailey   | Entered a bailey
  8036 | Bailey   | Reached *** piety under Trog
  8091 | Bailey   | Reached skill level 8 in Axes
  8626 | D:7      | Bought a scroll of immolation for 44 gold pieces
  8626 | D:7      | Bought a scroll of summoning for 104 gold pieces
  8626 | D:7      | Bought a scroll of fear for 44 gold pieces
  8626 | D:7      | Bought a scroll of enchant weapon for 82 gold pieces
  8626 | D:7      | Bought a scroll of blinking for 82 gold pieces
  8702 | D:7      | Reached skill level 9 in Axes
  8779 | D:7      | Killed a cyclops
  8780 | D:7      | Reached XP level 10. HP: 79/79 MP: 10/10
  9192 | D:7      | Bought a potion of attraction for 36 gold pieces
  9192 | D:7      | Bought a scroll of identify for 24 gold pieces
  9347 | D:7      | Found a sacrificial altar of Ru.
  9559 | D:8      | Noticed Psyche
  9570 | D:8      | Killed Psyche
  9571 | D:8      | Reached skill level 1 in Ranged Weapons
  9571 | D:8      | Reached skill level 1 in Throwing
  9600 | D:8      | You fall into a shaft and drop 1 floor!
  9676 | D:9      | Found a broken altar of Ashenzari.
  9695 | D:9      | Noticed Maggie
  9714 | D:9      | Killed Maggie
  9715 | D:9      | Reached skill level 10 in Axes
  9927 | D:7      | Bought a +2 shortbow of freezing for 208 gold pieces
 10160 | D:8      | Noticed a +0 short sword
 10160 | D:8      | Noticed a +0 spear
 10160 | D:8      | Noticed a +0 short sword
 10162 | D:8      | Noticed a +0 spear
 10162 | D:8      | Noticed a +0 dagger
 10163 | D:8      | Noticed a +0 falchion
 10163 | D:8      | Noticed a +0 falchion
 10164 | D:8      | Noticed a +0 dagger
 10260 | D:8      | Found a hide-covered altar of Uskayaw.
 11211 | D:9      | Noticed Gastronok
 11219 | D:9      | Killed Gastronok
 11220 | D:9      | Reached skill level 11 in Axes
 11220 | D:9      | Reached XP level 11. HP: 54/86 MP: 11/11
 11401 | D:9      | Identified 2 scrolls of acquirement
 11401 | D:9      | Acquired the +2 hat of the Everdark {Rampage rC- rN+ Str+4}
 11440 | D:9      | Acquired the +2 pair of gloves "Forget-Me-Not" {rPois}
 12047 | D:9      | Reached **** piety under Trog
 12170 | D:10     | Entered Level 10 of the Dungeon
 12185 | D:10     | Noticed Erolcha
 12371 | D:10     | Killed Erolcha
 12372 | D:10     | Reached skill level 5 in Ranged Weapons
 12397 | D:10     | Noticed an ogre mage
 12405 | D:10     | Killed an ogre mage
 12406 | D:10     | Reached skill level 12 in Axes
 12488 | D:10     | Identified the ring "Ruopso Peciu" {Fly Will+ SInv}
 12720 | D:10     | Found a radiant altar of Vehumet.
 12881 | D:10     | Noticed a two-headed ogre
 12886 | D:10     | Killed a two-headed ogre
 13020 | D:10     | Noticed a harpy
 13030 | D:10     | Killed a harpy
 13073 | D:10     | Noticed a deep elf pyromancer
 13081 | D:10     | Killed a deep elf pyromancer
 13187 | D:10     | Gained mutation: You have an unusually large brain. (Int
                  | +2) [demonic ancestry]
 13187 | D:10     | Reached XP level 12. HP: 61/95 MP: 12/12
 13192 | D:10     | Noticed a two-headed ogre
 13198 | D:10     | Killed a two-headed ogre
 13199 | D:10     | Reached skill level 13 in Axes
 13216 | D:10     | Identified the ring of Uzaxamny {rPois rN+ EV+4 Dex+4}
 13354 | D:10     | Noticed a two-headed ogre
 13361 | D:10     | Killed a two-headed ogre
 13366 | D:10     | Noticed a fire dragon
 13378 | D:10     | Killed a fire dragon
 13379 | D:10     | Reached skill level 5 in Throwing
 13523 | D:10     | Found a staircase to the Lair.
 13580 | D:10     | Found a shadowy altar of Dithmenos.
 13731 | D:10     | Found a staircase to the Orcish Mines.
 13758 | Orc:1    | Entered Level 1 of the Orcish Mines
 13901 | Orc:2    | Entered Level 2 of the Orcish Mines
 13901 | Orc:2    | Noticed an orc high priest
 13947 | Orc:2    | Killed an orc high priest
 13948 | Orc:2    | Reached skill level 14 in Axes
 14026 | Orc:2    | Noticed Snorg
 14047 | Orc:2    | Killed Snorg
 14285 | Orc:1    | Noticed Jorgrun
 14358 | Orc:1    | Killed Jorgrun
 14668 | Orc:1    | Identified the +3 robe of the Trombone {Harm +Inv rPois
                  | Int-4}
 14709 | Orc:1    | Found a burning altar of Makhleb.
 14939 | Orc:2    | Upgraded the game from 0.29-a0-1052-g6990b1bffc to
                  | 0.29-a0-1065-g47a6bb87d6
 15178 | Orc:2    | Found Qinic's General Store.
 15181 | Orc:2    | Noticed an orc high priest
 15185 | Orc:2    | Noticed an orc high priest
 15187 | Orc:2    | Noticed an orc high priest
 15191 | Orc:2    | Killed an orc high priest
 15192 | Orc:2    | Reached skill level 10 in Fighting
 15192 | Orc:2    | Reached XP level 13. HP: 86/103 MP: 13/13
 15390 | Orc:2    | Found a staircase to the Elven Halls.
 15895 | Orc:2    | Paralysed by an orc sorcerer for 4 turns
 19193 | Orc:2    | Found Dommiwki's Jewellery Boutique.
 19198 | Orc:2    | Found Wuunekhla's Antique Armour Emporium.
 19204 | Orc:2    | Bought a pair of twisted boots for 323 gold pieces
 19204 | Orc:2    | Identified the +2 pair of boots of Indemnity {rElec rF++
                  | Dex-5} (You bought it in a shop on level 2 of the Orcish
                  | Mines)
 19215 | Orc:2    | Found Ruvuc's Jewellery Emporium.
 19223 | Orc:2    | Bought a ring of see invisible for 255 gold pieces
 19223 | Orc:2    | Bought an amulet of regeneration for 510 gold pieces
 19225 | Orc:2    | Bought a potion of might for 52 gold pieces
 19225 | Orc:2    | Bought a potion of mutation for 104 gold pieces
 19225 | Orc:2    | Bought a wand of paralysis (6) for 187 gold pieces
 19297 | D:10     | Found a hazy altar of Hepliaklqana.
 19532 | Lair:1   | Entered Level 1 of the Lair of Beasts
 20005 | Lair:1   | Reached skill level 15 in Axes
 20708 | Orc:2    | Bought a +6 ring of strength for 540 gold pieces
 20789 | D:11     | Noticed Maurice
 20819 | D:11     | Killed Maurice
 21374 | Lair:2   | Found a transporter.
 21378 | Lair:2   | Noticed drugrobin's ghost (journeyman DgDe)
 21379 | Lair:2   | Found a transporter.
 21411 | Lair:2   | Noticed Nergalle
 21418 | Lair:2   | Killed Nergalle
 21601 | Lair:2   | Found a hole to the Spider Nest.
 21609 | Lair:2   | Reached skill level 10 in Evocations
 22227 | Lair:3   | Found a dark tunnel.
 22242 | Volcano  | Entered a volcano
 22346 | Volcano  | Found a bloodstained altar of Trog.
 22487 | Volcano  | Reached XP level 14. HP: 97/111 MP: 14/14
 23170 | Lair:3   | Identified the +10 short sword of Napufoth {vorpal, *Noise
                  | Str+5 SInv}
 23171 | Lair:3   | Found a runed translucent gate.
 23171 | Lair:3   | Found a runed translucent gate.
 23171 | Lair:3   | Found a runed translucent gate.
 23175 | Lair:3   | Noticed Newt's ghost (journeyman DsGl)
 23193 | Lair:3   | Killed Newt's ghost
 23194 | Lair:3   | Reached skill level 10 in Ranged Weapons
 23509 | Lair:3   | Found a staircase to the Shoals.
 23776 | Lair:4   | Found a gate leading to a gauntlet.
 23783 | Gauntlet | Entered a Gauntlet
 23783 | Gauntlet | Found a transporter.
 23783 | Gauntlet | Found a transporter.
 23794 | Gauntlet | Found a transporter.
 23832 | Gauntlet | Found a transporter.
 23859 | Gauntlet | Found a transporter.
 23896 | Gauntlet | Found a transporter.
 24009 | Gauntlet | Found a transporter.
 24019 | Gauntlet | Found a transporter.
 24032 | Gauntlet | Found a transporter.
 24085 | Gauntlet | Found a transporter.
 24156 | Gauntlet | Found a transporter.
 24165 | Gauntlet | Found the ring of the Hare {EV+8}
 24971 | Lair:4   | Gained mutation: Spells you cast may paralyse adjacent
                  | enemies. [demonic ancestry]
 24971 | Lair:4   | Reached XP level 15. HP: 118/118 MP: 15/15
 24980 | Lair:4   | Found a basalt altar of Yredelemnul.
 25704 | Lair:5   | Entered Level 5 of the Lair of Beasts
 26107 | Lair:5   | Gained mutation: You sometimes lose your temper in combat.
                  | [potion of mutation]
 26107 | Lair:5   | Gained mutation: Your muscles are strong. (Str +4, Int/Dex
                  | -1) [potion of mutation]
 26107 | Lair:5   | Gained mutation: You have hidden genetic potential. [potion
                  | of mutation]
 26108 | Lair:5   | Lost mutation: You sometimes lose your temper in combat.
                  | [potion of mutation]
 26108 | Lair:5   | Lost mutation: Your muscles are strong. (Str +4, Int/Dex
                  | -1) [potion of mutation]
 26108 | Lair:5   | Lost mutation: You have hidden genetic potential. [potion
                  | of mutation]
 26108 | Lair:5   | Gained mutation: You are weak. (Str -2) [potion of
                  | mutation]
 26108 | Lair:5   | Gained mutation: You occasionally lose the ability to drink
                  | potions when taking damage. [potion of mutation]
 26109 | Lair:5   | Lost mutation: You occasionally lose the ability to drink
                  | potions when taking damage. [potion of mutation]
 26109 | Lair:5   | Lost mutation: You are weak. (Str -2) [potion of mutation]
 26109 | Lair:5   | Gained mutation: You sometimes lose your temper in combat.
                  | [potion of mutation]
 26110 | Lair:5   | Lost mutation: You sometimes lose your temper in combat.
                  | [potion of mutation]
 26110 | Lair:5   | Gained mutation: Your spells are a little harder to cast,
                  | but a little more powerful. [potion of mutation]
 26110 | Lair:5   | Gained mutation: Your body sometimes deteriorates upon
                  | taking damage. [potion of mutation]
 26110 | Lair:5   | Gained mutation: Your movements are slightly less
                  | encumbered by armour. (ER -2) [potion of mutation]
 26110 | Lair:5   | Gained mutation: You have hidden genetic potential. [potion
                  | of mutation]
 26111 | Lair:5   | Lost mutation: You have hidden genetic potential. [potion
                  | of mutation]
 26111 | Lair:5   | Lost mutation: Your body sometimes deteriorates upon taking
                  | damage. [potion of mutation]
 26111 | Lair:5   | Gained mutation: Your mind is acute. (Int +4, Str/Dex -1)
                  | [potion of mutation]
 26111 | Lair:5   | Gained mutation: You have a pair of small antennae on your
                  | head. [potion of mutation]
 26127 | Lair:5   | Reached skill level 16 in Axes
 26822 | Lair:5   | Reached ***** piety under Trog
 27350 | Lair:5   | Found a viscous altar of Jiyva.
 27350 | Lair:5   | Found a staircase to the Slime Pits.
 27825 | D:11     | Identified the +6 short sword of Kom Feto {vorpal, rElec
                  | Dex+5}
 27980 | D:11     | Found Jiddeng's Antique Weapon Boutique.
 28265 | D:12     | Found a frozen archway.
 28295 | IceCv    | Entered an ice cave
 28477 | IceCv    | Gained mutation: Spells you cast may paralyse nearby
                  | enemies. [demonic ancestry]
 28477 | IceCv    | Reached XP level 16. HP: 122/127 MP: 16/16
 30725 | D:13     | Identified the +1 pair of gloves "Seso" {rPois rN+ Str+2
                  | Int-3}
 31270 | D:13     | Found an ornate altar of the Wu Jian Council.
 31341 | D:14     | Reached skill level 17 in Axes
 31422 | D:14     | Found Joph's Book Shop.
 31673 | D:14     | Found Sezeumusy's Assorted Antiques.
 31684 | D:14     | Found Hottet's Book Boutique.
 31694 | D:14     | Found a hazy altar of Hepliaklqana.
 31892 | D:14     | Found a gate to the Vaults.
 32034 | D:15     | Entered Level 15 of the Dungeon
 33057 | D:15     | Gained mutation: Your magical capacity is low. (-10% MP) [a
                  | neqoxec]
 33513 | D:15     | Found a staircase to the Depths.
 33743 | D:15     | Upgraded the game from 0.29-a0-1065-g47a6bb87d6 to
                  | 0.30-a0-4-ga7cffc901d
 33959 | Lair:2   | Killed drugrobin's ghost
 34241 | Spider:1 | Entered Level 1 of the Spider Nest
 34306 | Spider:1 | Received a gift from Trog
 34350 | Lair:2   | Reached XP level 17. HP: 56/135 MP: 15/15
 38071 | Spider:2 | Reached skill level 18 in Axes
 38322 | Spider:3 | Noticed Roxanne
 38340 | Spider:3 | Reached skill level 10 in Throwing
 38347 | Spider:3 | Killed Roxanne
 38711 | Spider:3 | Noticed Arachne
 38722 | Spider:3 | Killed Arachne
 38824 | Spider:3 | Reached skill level 15 in Ranged Weapons
 39093 | Spider:3 | Paralysed by a jorogumo for 2 turns
 40609 | Spider:3 | Received a gift from Trog
 41371 | Spider:4 | Entered Level 4 of the Spider Nest
 43514 | Spider:4 | Reached XP level 18. HP: 109/145 MP: 2/16
 43800 | Spider:4 | Got a gossamer rune of Zot
 44146 | Shoals:1 | Entered Level 1 of the Shoals
 44146 | Shoals:1 | Identified the +1 pair of gloves of Defiance {Str+4}
 44146 | Shoals:1 | Noticed Nikola
 44147 | Shoals:1 | Noticed Mlioglotl
 44156 | Shoals:1 | Killed Nikola
 44159 | Shoals:1 | HP: 5/145 [sea snake (11)]
 44160 | Shoals:1 | Mangled by Mlioglotl

Illustrated notes

Levels and vault maps discovered:
D:1:      minmay_arrival_diagonal_passages, layout_basic,
          shapermc_ecumenical_altar_mp_ritualfount
D:2:      minmay_alternating_diamond, layout_loops_ring, uniq_crazy_yiuf_cottage
D:3:      layout_basic
D:4:      layout_basic, lemuel_doored_altar, mainiacjoe_overflow_alcove_4,
          kennysheep_orc_sif_temple, uniq_grinder
D:5:      layout_gridville, okawaru_metal_pillars_1_2,
          nemelex_spade_bored_becter
D:6:      hellmonk_ruined_rings, layout_basic, nicolae_qazlal_general_emergency,
          kennysheep_mini_moat, minmay_temple_entry_glassed_door,
          lightli_minifort, uniq_prince_ribbit1
D:7:      layout_cave_pools, mainiacjoe_overflow_paths,
          nicolae_ru_the_path_less_chosen, serial_shops, nicolae_shop_trees,
          nicolae_shop_behind_doors, shop, nicolae_shop_bloodbath_and_beyond,
          nicolae_inconvenience_store, enter_bailey_7, minmay_manual_moon
D:8:      layout_basic, nicolae_uskayaw_en_pointe, minivault_5,
          item_on_display_a, uniq_psyche
D:9:      layout_loops_corners, lemuel_round_altar,
          ashenzari_conservatory_becter, minmay_misc_feat_tiny, uniq_maggie,
          uniq_gastronok
D:10:     minmay_the_grid_square_5x5_4x4 [minmay_the_grid_square_5x5_lines,
          minmay_the_grid_square_5x5_minibox,
          minmay_the_grid_square_5x5_minimal, minmay_the_grid_square_5x5_meh,
          minmay_the_grid_square_5x5_doubleslash,
          minmay_the_grid_square_5x5_prize_monsterx,
          minmay_the_grid_square_5x5_prize_open,
          minmay_the_grid_square_5x5_spiral_small,
          minmay_the_grid_square_5x5_bracketed,
          minmay_the_grid_square_5x5_prize_gold,
          minmay_the_grid_square_5x5_prize_open,
          minmay_the_grid_square_5x5_mess,
          minmay_the_grid_square_5x5_half_checkered,
          minmay_the_grid_square_5x5_z, minmay_the_grid_square_5x5_two_walls_a,
          minmay_the_grid_square_5x5_inset], layout_loops_ring,
          mainiacjoe_overflow_catwalk_spiral, pf_just_have_faith,
          worldfamousw_hep_ancestral_shrine, lair_entry_dummy, uniq_erolcha
D:11:     layout_cave_pools, serial_shops, nicolae_shop_hallway_stairs,
          uniq_maurice
D:12:     layout_grid_maze, portal_ice_cave_entry_imps
D:13:     layout_loops_ring, nicolae_wu_jian_immortal_techniques
D:14:     layout_rooms, david_vaults_1, serial_shops, shop_fountains, shop,
          nicolae_shop_crystal, lemuel_round_altar
D:15:     grunt_enter_depths_snipers, layout_irregular_city, serial_demonic,
          serial_demonic_f, serial_demonic_e, serial_demonic_g,
          serial_demonic_g, serial_demonic_g
Lair:1:   layout_gridlike, beast_lair_carwin_10, lemuel_fruit_fields
Lair:2:   layout_cave_pods, nicolae_spider_entry_orb_guardian,
          gammafunk_ghost_hive, grunt_megastairs_5, lemuel_fruit_fields,
          serial_bayou_shore_b, uniq_nergalle
Lair:3:   layout_regular_city, minmay_shoals_entry_hut, gammafunk_ghost_split,
          nicolae_volcano_entry_batcave, infiniplex_staircase_pool
Lair:4:   minmay_lair_oklob_chamber, layout_regular_city, basic_altar,
          gauntlet_entry_generic
Lair:5:   hangedman_lair_in_review, layout_regular_city,
          dpeg_slime_entry_enclosed
Shoals:1: layout_shoals, nicolae_shoals_seven_spires, uniq_donald,
          uniq_mlioglotl, uniq_nikola
Spider:1: layout_spider_delve
Spider:2: layout_spider_delve
Spider:3: nicolae_spider_hilbert_zone_4 [nicolae_spider_hilbert_4_sides_2_open,
          nicolae_spider_hilbert_4_sides_1_open,
          nicolae_spider_hilbert_4_sides_1_open,
          nicolae_spider_hilbert_4_sides_1_open,
          nicolae_spider_hilbert_4_sides_1_open,
          nicolae_spider_hilbert_2_sides_1_open,
          nicolae_spider_hilbert_2_sides_1_open,
          nicolae_spider_hilbert_2_sides_1_open,
          nicolae_spider_hilbert_2_sides_1_open,
          nicolae_spider_hilbert_6_sides_1_open,
          nicolae_spider_hilbert_6_sides_1_open,
          nicolae_spider_hilbert_3_sides_1_open,
          nicolae_spider_hilbert_3_sides_1_open], drop_trap, uniq_arachne,
          uniq_roxanne
Spider:4: spider_rune_water
Orc:1:    layout_caves, bloody_makhleb, uniq_jorgrun
Orc:2:    st_orc_elflike, layout_caves, uniq_snorg

Skill      XL: |  1  2  3  4  5  6  7  8  9 10 11 12 13 14 15 16 17 |
---------------+----------------------------------------------------+-----
Axes           | 3 4 5 7 9 11 12 14 15 16 17 18 | 18.8
Dodging        | 2 |  2.9
Stealth        | 1 2 |  2.2
Evocations     | 1 2 3 4 6 7 8 9 10 | 10.4
Fighting       | 4 6 7 8 9 10 11 12 13 | 13.7
Polearms       | 1 2 |  2.7
Armour         | 2 3 |  3.0
Ranged Weapons | 4 6 8 9 11 12 14 15 | 15.9
Throwing       | 3 4 5 7 8 9 10 | 10.8

Action                   |  1- 3 |  4- 6 |  7- 9 | 10-12 | 13-15 | 16-18 || total
-------------------------+-------+-------+-------+-------+-------+-------++-------
Melee: Hand axe          |   103 |    46 |    66 |       |       |       ||   215
       Tailslap          |     4 |    11 |    38 |    60 |    72 |   114 ||   299
       Trident           |       |    70 |       |       |       |       ||    70
       Halberd           |       |       |    31 |       |       |       ||    31
       War axe           |       |       |   112 |       |       |       ||   112
       Punch             |       |       |     2 |       |       |       ||     2
       Battleaxe         |       |       |    86 |   378 |   537 |   655 ||  1656
       Eveningstar       |       |       |       |       |     4 |       ||     4
 Fire: Shortbow          |       |       |       |    12 |       |       ||    12
       Arbalest          |       |       |       |    69 |   126 |   151 ||   346
Throw: Stone             |     6 |       |       |       |       |       ||     6
       Javelin           |       |     6 |    12 |     2 |       |     9 ||    29
       Boomerang         |       |       |    25 |    38 |    19 |    89 ||   171
       Dart              |       |       |       |     3 |       |       ||     3
Invok: Berserk           |     9 |     6 |    11 |     8 |     6 |    11 ||    51
       Trog's Hand       |       |       |     7 |    28 |    23 |    28 ||    86
       Brothers in Arms  |       |       |       |       |       |     2 ||     2
Evoke: Wand              |       |     2 |     9 |     9 |    11 |    31 ||    62
       Tin of tremorston |       |       |       |       |       |     2 ||     2
  Use: Scroll            |     4 |     1 |     9 |    13 |    13 |     5 ||    45
       Potion            |       |     2 |     1 |     2 |     8 |    14 ||    27
 Stab: Sleeping          |     4 |     1 |       |       |       |       ||     5
       Paralysed         |       |     5 |     5 |     3 |     1 |     2 ||    16
       Distracted        |       |       |       |     2 |       |       ||     2
       Invisible         |       |       |       |       |       |     5 ||     5
Armor: Animal skin       |    12 |     4 |       |       |       |       ||    16
       Ring mail         |       |    11 |       |       |       |       ||    11
       Plate armour      |       |    31 |   175 |   244 |   350 |    75 ||   875
       Crystal plate arm |       |       |       |       |       |   615 ||   615
Dodge: Dodged            |    72 |    20 |    87 |   132 |   180 |   270 ||   761
Block: Other             |       |    15 |    78 |    92 |   101 |   186 ||   472
       Reflection        |       |       |     4 |     9 |     5 |     4 ||    22

Table legend: (Time is in decaauts)
 A = Elapsed time spent in this place.
 B = Non-inter-level travel time spent in this place.
 C = Inter-level travel time spent in this place.
 D = Time resting spent in this place.
 E = Time spent auto-exploring this place.
 F = Levels seen in this place.
 G = Mean time per level.
                   A        B        C        D        E       F      G
               +--------+--------+--------+--------+--------+-----+--------+
         Total |  44815 |  42945 |   1870 |  17198 |  18085 |  31 | 1445.6 |
       Dungeon |  18839 |  17915 |    924 |   4260 |  10485 |  15 | 1255.9 |
          Lair |   7146 |   6609 |    537 |   1307 |   4327 |   5 | 1429.2 |
        Shoals |     11 |     11 |      0 |      0 |      0 |   1 |   11.0 |
   Spider Nest |   9701 |   9488 |    213 |   6144 |   2062 |   4 | 2425.2 |
  Orcish Mines |   5751 |   5557 |    194 |   4183 |    372 |   2 | 2875.5 |
        Bailey |    645 |    645 |      0 |    291 |     63 |   1 |  645.0 |
      Ice Cave |   1549 |   1549 |      0 |    702 |    383 |   1 | 1549.0 |
       Volcano |    687 |    687 |      0 |    208 |    243 |   1 |  687.0 |
      Gauntlet |    484 |    484 |      0 |    101 |    149 |   1 |  484.0 |
               +--------+--------+--------+--------+--------+-----+--------+

Top non-repeatable levels by time:
   Orc:2: 5190 daAuts
Spider:3: 3514 daAuts
Spider:2: 2250 daAuts
  Lair:2: 2033 daAuts
Spider:1: 2022 daAuts
    D:10: 1981 daAuts
Spider:4: 1914 daAuts
     D:2: 1911 daAuts
  Lair:5: 1775 daAuts
    D:15: 1709 daAuts
   IceCv: 1549 daAuts
     D:9: 1516 daAuts
     D:6: 1496 daAuts
  Lair:4: 1472 daAuts
     D:7: 1354 daAuts
